 Dungeon Sprint DCSS version 0.19.1-1-g22dce08 (webtiles) character file.

33600000 eldor the Champion of Chaos (level 27, 190/272 (273) HPs)
             Began as a Ghoul Warper on Jan 6, 2017.
             Was the Champion of Makhleb.
             Escaped with the Orb!
             The game lasted 00:08:32 (168 turns).

eldor the Champion of Chaos (Ghoul Warper)           Turns: 168, Time: 00:08:32

HP:   190/272 (273) AC:  6    Str: 19    XL:     27
MP:   43/53         EV: 32    Int:  8    God:    Makhleb [******]
Gold: 0             SH:  0    Dex: 17    Spells: 0 memorised, 80 levels left

rFire  . . .     SeeInvis .     l - +∞ Axe of Woe
rCold  + . .     Gourm    .     b - +0 leather armour
rNeg   + + +     Faith    .     (shield currently unavailable)
rPois  ∞         Spirit   .     (no helmet)
rElec  .         Reflect  .     (no cloak)
rCorr  .         Harm     .     (no gloves)
MR     ++...     NoTele   +     (no boots)
Stlth  +++.......               (no amulet)
                                (no ring)
                                (no ring)

@: very slightly contaminated, rotting, hasted and slowed
A: rotting body, claws 1, carnivore 3, cold resistance 1, negative energy
resistance 3, slow regeneration 1, torment resistance, unbreathing
a: Minor Destruction, Lesser Servant of Makhleb, Major Destruction, Greater
Servant of Makhleb, Renounce Religion
0: Orb of Zot


You escaped.
You worshipped Makhleb.
Makhleb was exalted by your worship.
You were not hungry.

You visited 1 branch

Inventory:

Hand Weapons
 a - a +0 hand axe
 l - the +∞ Axe of Woe (weapon)
   (You found it in the Dungeon)
Missiles
 e - 5 tomahawks of dispersal (quivered)
Armour
 b - a +0 leather armour (worn)
Scrolls
 d - 2 scrolls of blinking
Potions
 g - a potion of curing
 h - a potion of heal wounds
 j - 2 potions of magic
 k - a potion of berserk rage
Books
 c - a book of Spatial Translocations

   Spells                             Type                      Level
   a - Blink                          Translocation                2
   b - Shroud of Golubria             Charms/Translocation         2
   c - Lesser Beckoning               Translocation                3
   d - Portal Projectile              Translocation                3
   e - Teleport Other                 Translocation                3
   f - Passage of Golubria            Translocation                4
Comestibles
 f - a meat ration


   Skills:
 O Level 27 Fighting
 O Level 27 Axes
 O Level 27 Throwing
 O Level 27 Armour
 O Level 27 Dodging
 O Level 27 Stealth
 O Level 27 Unarmed Combat
 O Level 27 Spellcasting
   Level 2.6 Translocations
 O Level 27 Invocations


You had 80 spell levels left.
You didn't know any spells.

Dungeon Overview and Level Annotations

Branches:
Dungeon (1/1)

Altars:
Makhleb


Innate Abilities, Weirdness & Mutations

Your body is rotting away.
You thrive on raw meat.
You are immune to poison.
You have sharp fingernails.
You are carnivorous and can eat meat at any time.
Your flesh is cold resistant. (rC+)
You are immune to negative energy. (rN+++)
You regenerate slowly when monsters are visible.
You are immune to unholy pain and torment.
You can survive without breathing.


Message History

The fleshlord gestures at you while chanting.
Your blizzard demon resists with almost no effort.
The accursed gestures at you while chanting.
Something smites you!
You hear a shout!
The fleshlord gestures wildly while chanting.
The fleshlord seems to speed up.
You hear a shout! x2
The fleshlord hits your blizzard demon with a +9 great mace!!!!
Your blizzard demon dies!
You hear a shout!
The scourge throws poison arrow at you. The poison arrow misses you.
The poison arrow hits the accursed.
The accursed partially resists.
You hear a shout!
The fleshlord appears out of thin air!
The accursed gestures at you while chanting.
Something smites you!
The fleshlord shouts!
You have escaped!

.. ..o.. #.. ...#
#.. ..o# . .###..
...###..O
p....p###SXXX...L
......._..LoX....
... #.))).#......
....#_)@C_#......
....#.))).#......
o.....M_..p......
....p..###).......
..###..)o)..###...
....#..)X.).#.....
....#.X)))..#....
......%.)).%.....
....%..).)...LC.#


You could see an accursed, 2 tentacled monstrosities, a tyrant, a scourge, 4
fleshlords, a large bag of meat (inner flame), 2 large abominations and 2 bags
of meat.

Vanquished Creatures
  Dispater (D)
  10 hell knights (D)
  4 hell beasts (D)
  6 greater mummies (D)
  11 great orbs of eyes (D)
  9 wraiths (D)
  14 vampire knights (D)
  36 ogres (D)
  4 liches (D)
  5 hydras (D)
  63 orcs (D)
  13 phantoms (D)
  3 hill giants (D)
  3 skeletal warriors (D)
  7 sea snakes (D)
  3 large abominations (D)
  2 small abominations (D)
  7 crawling corpses (D)
201 creatures vanquished.

Vanquished Creatures (others)
  8 ball lightnings (D)
  A crawling corpse (D)
9 creatures vanquished.

Grand Total: 210 creatures vanquished

Notes
Turn   | Place    | Note
-------+----------+-------------------------------------------
     0 | D        | eldor the Ghoul Warper began the quest for the Orb.
     0 | D        | Reached XP level 1. HP: 17/17 MP: 2/2
     4 | D        | Noticed a bag of meat
     4 | D        | Became a worshipper of Makhleb the Destroyer
     5 | D        | Noticed a bag of meat
     6 | D        | Noticed a meat berserker
     7 | D        | Noticed a bag of meat
     7 | D        | Noticed a bag of meat
     8 | D        | Noticed a bag of meat
     8 | D        | Noticed a bag of meat
     9 | D        | Noticed a bag of meat
     9 | D        | Noticed a bag of meat
     9 | D        | Killed a meat berserker
     9 | D        | Reached skill level 15 in Fighting
     9 | D        | Reached skill level 5 in Throwing
     9 | D        | Reached skill level 5 in Armour
     9 | D        | Reached XP level 2. HP: 47/47 MP: 2/16
     9 | D        | Reached XP level 3. HP: 54/54 MP: 2/17
     9 | D        | Reached XP level 4. HP: 61/61 MP: 2/19
     9 | D        | Reached XP level 5. HP: 68/68 MP: 2/20
     9 | D        | Reached XP level 6. HP: 76/76 MP: 2/22
     9 | D        | Reached XP level 7. HP: 82/82 MP: 2/23
     9 | D        | Reached XP level 8. HP: 90/90 MP: 2/25
     9 | D        | Reached XP level 9. HP: 96/96 MP: 2/26
     9 | D        | Reached XP level 10. HP: 104/104 MP: 2/27
     9 | D        | Reached XP level 11. HP: 111/111 MP: 2/28
     9 | D        | Reached XP level 12. HP: 118/118 MP: 2/29
     9 | D        | Reached XP level 13. HP: 125/125 MP: 2/30
    10 | D        | Noticed a bag of meat
    10 | D        | Noticed a bag of meat
    10 | D        | Noticed a meat berserker
    10 | D        | Killed a bag of meat
    10 | D        | Reached * piety under Makhleb
    10 | D        | Reached skill level 15 in Spellcasting
    10 | D        | Reached XP level 14. HP: 137/137 MP: 2/32
    10 | D        | Killed a bag of meat
    10 | D        | Reached skill level 15 in Axes
    11 | D        | Noticed a bag of meat
    11 | D        | Noticed a bag of meat
    11 | D        | Noticed a bag of meat
    12 | D        | Noticed a bag of meat
    13 | D        | Killed a bag of meat
    13 | D        | Reached skill level 15 in Dodging
    13 | D        | Reached XP level 15. HP: 77/149 MP: 3/35
    13 | D        | Reached ** piety under Makhleb
    13 | D        | Reached XP level 16. HP: 164/164 MP: 3/37
    14 | D        | Reached *** piety under Makhleb
    15 | D        | Reached XP level 17. HP: 159/177 MP: 3/40
    15 | D        | Killed a meat berserker
    15 | D        | Reached **** piety under Makhleb
    15 | D        | Reached XP level 18. HP: 191/191 MP: 3/42
    16 | D        | Reached skill level 27 in Invocations
    17 | D        | Noticed a meat berserker
    17 | D        | Reached XP level 19. HP: 205/205 MP: 4/45
    19 | D        | Noticed a meat berserker
    20 | D        | Reached ***** piety under Makhleb
    20 | D        | Reached skill level 27 in Fighting
    20 | D        | Reached skill level 27 in Axes
    20 | D        | Reached skill level 10 in Throwing
    21 | D        | Noticed a meat berserker
    22 | D        | Killed a meat berserker
    22 | D        | Reached skill level 10 in Armour
    22 | D        | Reached skill level 27 in Spellcasting
    22 | D        | Reached XP level 20. HP: 215/215 MP: 5/50
    23 | D        | Noticed a large bag of meat
    24 | D        | Noticed a destroyer
    24 | D        | Killed a meat berserker
    24 | D        | Reached skill level 27 in Dodging
    25 | D        | Noticed a large bag of meat
    26 | D        | Killed a meat berserker
    26 | D        | Killed a large bag of meat
    26 | D        | Reached XP level 21. HP: 216/223 MP: 6/51
    26 | D        | Killed a destroyer
    26 | D        | Reached ****** piety under Makhleb
    29 | D        | Noticed a meat berserker
    30 | D        | Noticed a meat berserker
    31 | D        | Noticed a meat berserker
    31 | D        | Reached skill level 27 in Throwing
    32 | D        | Noticed a destroyer
    33 | D        | Reached XP level 22. HP: 220/232 MP: 8/52
    33 | D        | Reached skill level 27 in Armour
    33 | D        | Reached skill level 15 in Unarmed Combat
    36 | D        | Reached XP level 23. HP: 239/239 MP: 9/53
    37 | D        | Reached skill level 27 in Stealth
    39 | D        | Noticed a destroyer
    40 | D        | Reached skill level 27 in Unarmed Combat
    43 | D        | Noticed a destroyer
    43 | D        | Killed a destroyer
    43 | D        | Reached XP level 24. HP: 248/248 MP: 11/53
    47 | D        | Killed a destroyer
    49 | D        | Killed a destroyer
    49 | D        | Reached XP level 25. HP: 242/256 MP: 12/53
    51 | D        | Noticed an accursed
    55 | D        | Noticed a destroyer
    55 | D        | Noticed a tyrant
    58 | D        | Reached XP level 26. HP: 265/265 MP: 15/53
    60 | D        | Noticed a dread
    61 | D        | Killed a tyrant
    63 | D        | Noticed an accursed
    64 | D        | Reached XP level 27. HP: 251/272 MP: 17/53
    64 | D        | Killed a dread
    65 | D        | Noticed a destroyer
    65 | D        | Noticed a tyrant
    66 | D        | Noticed a meat beast
    68 | D        | Noticed a dread
    68 | D        | Killed a meat beast
    69 | D        | Noticed an accursed
    71 | D        | Killed an accursed
    72 | D        | Killed a destroyer
    72 | D        | Killed a destroyer
    72 | D        | Killed an accursed
    73 | D        | Killed an accursed
    73 | D        | Killed a dread
    76 | D        | Noticed a destroyer
    77 | D        | Noticed a tyrant
    82 | D        | Noticed a tyrant
    84 | D        | Noticed an accursed
    86 | D        | Killed a tyrant
    88 | D        | Noticed a destroyer
    88 | D        | Killed a destroyer
    89 | D        | Noticed a dread
    92 | D        | Noticed a destroyer
    92 | D        | Killed a dread
    93 | D        | Killed a destroyer
    95 | D        | Killed a destroyer
    96 | D        | Noticed a destroyer
    98 | D        | Noticed a meat beast
   101 | D        | Killed a destroyer
   101 | D        | Killed a meat beast
   102 | D        | Noticed a tyrant
   102 | D        | Noticed a destroyer
   107 | D        | Noticed a destroyer
   107 | D        | Noticed a dread
   107 | D        | Noticed a destroyer
   108 | D        | Killed an accursed
   108 | D        | Killed a destroyer
   109 | D        | Killed a destroyer
   111 | D        | Killed a dread
   116 | D        | Noticed a dread
   118 | D        | Killed a destroyer
   123 | D        | Noticed a dread
   123 | D        | Noticed an accursed
   124 | D        | Killed a dread
   125 | D        | Noticed an accursed
   128 | D        | Noticed a dread
   128 | D        | Killed a tyrant
   129 | D        | Noticed a fleshlord
   129 | D        | Noticed a fleshlord
   131 | D        | Noticed a fleshlord
   132 | D        | Killed a fleshlord
   132 | D        | Killed a dread
   133 | D        | Noticed a tyrant
   134 | D        | Noticed a fleshlord
   137 | D        | Killed a dread
   140 | D        | Noticed a destroyer
   140 | D        | Killed a fleshlord
   141 | D        | Noticed a meat beast
   142 | D        | Killed an accursed
   142 | D        | Killed an accursed
   143 | D        | Noticed a dread
   145 | D        | Killed a fleshlord
   146 | D        | Noticed a fleshlord
   147 | D        | Noticed a fleshlord
   147 | D        | Noticed a fleshlord
   147 | D        | Killed a meat beast
   148 | D        | Killed a tyrant
   149 | D        | Noticed a fleshlord
   150 | D        | Noticed a fleshlord
   150 | D        | Killed a destroyer
   151 | D        | Noticed a fleshlord
   151 | D        | Noticed The Meatlord
   151 | D        | Killed a fleshlord
   152 | D        | Killed a dread
   155 | D        | Killed a fleshlord
   155 | D        | Killed a fleshlord
   156 | D        | Noticed a tyrant
   157 | D        | Noticed a fleshlord
   159 | D        | Noticed a dread
   159 | D        | Noticed a meat beast
   159 | D        | Killed The Meatlord
   160 | D        | Noticed an accursed
   160 | D        | Killed a meat beast
   160 | D        | Killed a fleshlord
   161 | D        | Killed a fleshlord
   163 | D        | Noticed a fleshlord
   163 | D        | Killed a fleshlord
   164 | D        | Got the Orb of Zot
   164 | D        | Noticed a fleshlord
   165 | D        | Killed a dread
   166 | D        | Killed a fleshlord
   167 | D        | Noticed a fleshlord
   168 | D        | Escaped with the Orb!

Skill      XL: |  1  2  3  4  5  6  7  8  9 10 11 12 13 14 15 16 17 18 19 20 21 22 23 |
---------------+----------------------------------------------------------------------+-----
Fighting       | 15 16 18 20 22 24 26 27 | 27.0
Axes           | 13 14 16 18 21 23 26 27 | 27.0
Throwing       | 5 6 7 8 9 12 22 27 | 27.0
Armour         | 5 6 7 8 10 17 26 27 | 27.0
Dodging        | 12 14 15 16 18 19 20 25 27 | 27.0
Spellcasting   | 14 15 17 18 20 21 23 27 | 27.0
Invocations    | 16 17 19 21 23 25 27 | 27.0
Stealth        | 24 27 | 27.0
Unarmed Combat | 22 27 | 27.0
Translocations | |  2.6

Action                   |  1- 3 |  4- 6 |  7- 9 | 10-12 | 13-15 | 16-18 | 19-21 | 22-24 | 25-27 || total
-------------------------+-------+-------+-------+-------+-------+-------+-------+-------+-------++-------
Melee: Executioner's axe |     1 |       |       |       |     2 |     4 |     7 |     8 |    79 ||   101
Invok: Greater Servant o |       |       |       |       |       |       |       |       |    10 ||    10
  Use: Potion            |       |       |       |       |       |       |       |       |     1 ||     1
Armor: Leather armour    |       |       |       |       |       |       |       |       |     2 ||     2
Dodge: Dodged            |       |       |       |       |       |       |     2 |       |    18 ||    20
